 Dungeon Crawl Stone Soup version 0.20.1-1-g8b1a95d (console) character file.

291 bli the Skirmisher (level 6, -1/51 HPs)
             Began as a Formicid Abyssal Knight on Aug 12, 2017.
             Was a Priest of Lugonu.
             Slain by a worm (10 damage)
             ... on level 4 of the Dungeon.
             The game lasted 00:12:38 (3439 turns).

bli the Skirmisher (Formicid Abyssal Knight)        Turns: 3439, Time: 00:12:38

Health: -1/51      AC:  5    Str: 17    XL:     6   Next: 58%
Magic:  7/7        EV: 12    Int: 11    God:    Lugonu [***...]
Gold:   160        SH:  0    Dex: 12    Spells: 5/5 levels left

rFire    . . .     SeeInvis +   a - +1 short sword
rCold    . . .     Gourm    .   (no shield)
rNeg     . . .     Faith    +   b - +0 leather armour
rPois    .         Spirit   .   (helmet unavailable)
rElec    .         Reflect  .   (no cloak)
rCorr    .         Harm     .   B - +0 pair of gloves
MR       .....                  j - +0 pair of boots
Stlth    ++........             y - amulet of faith
Regen    0.2/turn               q - ring of teleportation (curse)
MPRegen  0.1/turn               z - ring of see invisible

@: drained
A: permanent stasis, dig shafts and tunnels, four strong arms, antennae 3
a: Dig, Shaft Self, Depart the Abyss, Bend Space, Banish, Renounce Religion


You were on level 4 of the Dungeon.
You worshipped Lugonu.
Lugonu was most pleased with you.
You were hungry.

You visited 1 branch of the dungeon, and saw 4 of its levels.
You visited the Abyss 1 time.
You also visited: Ossuary.

You collected 160 gold pieces.

Inventory:

Hand Weapons
 a - a +1 short sword (weapon)
 C - a +0 falchion
Missiles
 f - 146 stones
 t - 15 javelins (quivered)
Armour
 b - a +0 leather armour (worn)
 j - a +0 pair of boots (worn)
 w - a +0 ring mail
 B - a +0 pair of gloves (worn)
Jewellery
 d - an uncursed amulet of harm
 q - a cursed ring of teleportation (left hand)
 y - an amulet of faith (around neck)
 z - a ring of see invisible (right hand)
Wands
 m - a wand of acid (0/15)
 E - a wand of confusion (0/48)
Scrolls
 g - 3 scrolls of identify {unknown}
 h - a scroll of recharging {unknown}
 l - a scroll of fog {unknown}
 r - 2 scrolls of teleportation {unknown}
 s - a scroll of amnesia {unknown}
 u - 2 scrolls of remove curse {unknown}
 v - a scroll of enchant armour {unknown}
 A - a scroll of enchant weapon {unknown}
 D - a scroll of random uselessness {unknown}
Potions
 e - 3 potions of agility {unknown}
 i - a potion of curing {unknown}
 k - 2 potions of invisibility {unknown}
 n - 2 potions of heal wounds {unknown}
 o - 5 potions of haste {unknown}
 x - 2 potions of flight {unknown}
 F - a potion of berserk rage {unknown}
Comestibles
 c - 4 bread rations
 p - 3 royal jellies
 G - a meat ration


   Skills:
 * Level 5.0(4.8) Fighting
 + Level 4.0(3.8) Short Blades
 + Level 3.4(3.2) Armour
 + Level 1.7(1.6) Dodging
 + Level 2.2(2.0) Stealth
 + Level 2.1(2.0) Invocations


You had 5 spell levels left.
You didn't know any spells.

Dungeon Overview and Level Annotations

Branches:
Dungeon (4/15)
 Temple: D:4-7

Altars:
Dithmenos
Gozag
Hepliaklqana
Nemelex Xobeh
Okawaru
Trog


Innate Abilities, Weirdness & Mutations

You cannot be hasted, slowed, berserked, paralysed or teleported.
You can dig through walls and to a lower floor.
Your four strong arms can wield two-handed weapons with a shield.
You have a pair of large antennae on your head. (SInv)


Message History

You kill the giant cockroach!
Lugonu accepts your kill.
A worm comes into view.
Found a golden potion.
You see here a giant cockroach corpse.
A scorpion comes into view.
Found 8 gold pieces.
You are feeling hungry.
You hit the worm.
The worm is moderately wounded.
You hit the worm.
The worm is heavily wounded.
The worm bites you!
* * * LOW HITPOINT WARNING * * *
You hit the worm.
The worm is heavily wounded.
You hit the worm.
The worm is severely wounded.
The worm bites you!
You die...

################
.####+####..#..#....##...
.............#...........
....>........#...........
..........†..+...........
...s.........#(..........
...!...w@....#...........
.............#...........
.##...####..###...#######
#... #..# ########..#
.... ..... #...... .....
...... #...... ....
...... #...... .$.. ....
#...... #...... ##..###
#..


You could see a worm and a scorpion.

Vanquished Creatures
  A centaur zombie (Ossuary)
  An orc priest (D:3)
  Ijyb (D:3)
  Natasha (thrice) (D:2)
  A mummy (Ossuary)
  Robin (D:3)
  2 adders (D:2)
  2 worms
  A dart slug (D:2)
  3 leopard geckos
  5 orcs (D:3)
  9 bats
  3 giant cockroaches
  6 hobgoblins
  6 kobolds
  A ball python (D:3)
  5 frilled lizards
  15 goblins
  14 rats
80 creatures vanquished.

Notes
Turn   | Place    | Note
-------+----------+-------------------------------------------
     0 | Abyss:1  | bli the Formicid Abyssal Knight began the quest for the Orb.
     0 | Abyss:1  | Reached XP level 1. HP: 18/18 MP: 2/2
    51 | D:1      | Escaped the Abyss
   190 | D:1      | Reached XP level 2. HP: 23/24 MP: 3/3
   806 | D:1      | Reached XP level 3. HP: 30/30 MP: 4/4
  1051 | D:2      | Reached ** piety under Lugonu
  1051 | D:2      | Reached skill level 4 in Fighting
  1109 | D:2      | Reached skill level 1 in Stealth
  1314 | D:2      | Reached skill level 1 in Dodging
  1314 | D:2      | Reached XP level 4. HP: 5/37 MP: 5/5
  1601 | D:2      | Found an opulent altar of Gozag.
  1622 | D:2      | Found a sparkling altar of Nemelex Xobeh.
  1622 | D:2      | Found a hazy altar of Hepliaklqana.
  1622 | D:2      | Found a shadowy altar of Dithmenos.
  1622 | D:2      | Noticed Natasha
  1627 | D:2      | Killed Natasha
  1686 | D:2      | Noticed Natasha
  1696 | D:2      | Killed Natasha
  1696 | D:2      | Reached XP level 5. HP: 7/42 MP: 6/6
  1705 | D:2      | Noticed Natasha
  2117 | D:2      | Killed Natasha
  2563 | D:3      | Noticed Robin
  2586 | D:3      | Killed Robin
  2651 | D:3      | Reached *** piety under Lugonu
  2759 | D:3      | Found a bloodstained altar of Trog.
  2759 | D:3      | Noticed a moth of wrath
  3012 | D:3      | Found an iron altar of Okawaru.
  3044 | D:3      | Noticed Ijyb
  3090 | D:3      | Killed Ijyb
  3090 | D:3      | Reached XP level 6. HP: 45/49 MP: 7/7
  3364 | D:4      | Found a sand-covered staircase.
  3379 | Ossuary  | Entered an ossuary
  3401 | Ossuary  | Reached skill level 5 in Fighting
  3439 | D:4      | Slain by a worm

Skill      XL: |  1  2  3  4  5  6 |
---------------+-------------------+-----
Fighting       | 4 5 |  5.0
Stealth        | 1 2 |  2.2
Dodging        | 1 |  1.7
Short Blades   | 3 4 |  4.0
Armour         | 3 |  3.4
Invocations    | |  2.1

Action                   |  1- 3 |  4- 6 || total
-------------------------+-------+-------++-------
Melee: Short sword       |   101 |   187 ||   288
Throw: Javelin           |       |    10 ||    10
 Abil: Dig               |     3 |     4 ||     7
Evoke: Wand              |       |     3 ||     3
 Stab: Sleeping          |       |     1 ||     1
  Eat: Chunk             |     1 |     7 ||     8
Armor: Leather armour    |    17 |    51 ||    68
Dodge: Dodged            |    53 |    68 ||   121
